 Dungeon Crawl Stone Soup version 0.27.1 (webtiles) character file.

Game seed: 11668854379962332652

170 Mesmaeker13 the Caller (level 5, -4/35 HPs)
             Began as a Demonspawn Summoner on Aug 29, 2021.
             Slain by an ogre (18 damage)
             ... on level 3 of the Dungeon.
             The game lasted 00:08:13 (4002 turns).

Mesmaeker13 the Caller (Demonspawn Summoner)        Turns: 4002, Time: 00:08:13

Health: -4/35      AC:  3    Str:  8    XL:     5   Next: 25%
Magic:  10/10      EV: 17    Int: 18    God:
Gold:   145        SH:  0    Dex: 13    Spells: 4/10 levels left

rFire    . . .     SeeInvis +   c - +0 spear
rCold    . . .     Faith    .   (no shield)
rNeg     . . .     Spirit   .   a - +0 robe
rPois    .         Reflect  .   (no helmet)
rElec    .         Harm     .   (no cloak)
rCorr    .         Rampage  .   (no gloves)
Will     .....                  d - +0 pair of boots
Stlth    ++........             (no amulet)
HPRegen  0.11/turn              e - ring of see invisible
MPRegen  0.12/turn              g - +4 ring of evasion

@: no status effects
A: hooves 1, powered by death 1
a: no special abilities


You were on level 3 of the Dungeon.
You visited 1 branch of the dungeon, and saw 4 of its levels.

You collected 145 gold pieces.

Inventory:

Hand Weapons
 c - a +0 spear (weapon)
Missiles
 l - 32 sling bullets
Armour
 a - a +0 robe (worn)
 d - a +0 pair of boots (worn)
Jewellery
 e - a ring of see invisible (left hand)
 g - a +4 ring of evasion (right hand)
Scrolls
 b - a scroll of magic mapping {unknown}
 h - 2 scrolls of amnesia
 i - a scroll of summoning
 j - a scroll of teleportation
 m - a scroll of silence {unknown}
Potions
 f - 3 potions of cancellation
 k - a potion of flight {unknown}
 n - 2 potions of might


   Skills:
 + Level 3.2 Dodging
 - Level 1.7 Stealth
 + Level 3.3 Spellcasting
 + Level 5.0 Summonings


You had 4 spell levels left.
You knew the following spells:

 Your Spells              Type           Power      Damage    Failure   Level
a - Summon Small Mammal   Summ           84%        N/A       1%          1
b - Call Imp              Summ           21%        N/A       3%          2
c - Call Canine Familiar  Summ           21%        N/A       6%          3

Your spell library contained the following spells:

 Spells                   Type           Power      Damage    Failure   Level
 Foxfire                  Conj/Fire      12%        2x1d4     16%         1
 Sting                    Tmut/Pois      12%        1d3       16%         1
 Summon Guardian Golem    Hex/Summ       12%        N/A       17%         3
 Conjure Flame            Conj/Fire      3%         6-21      43%         3
 Summon Lightning Spire   Summ/Air       12%        N/A       50%         4
 Eringya's Noxious Bog    Tmut/Pois      1%         N/A       100%        6
 Ignition                 Fire           1%         3d3       100%        8


Dungeon Overview and Level Annotations

Branches:
Dungeon (4/15)
 Temple: D:4-7

Altars:
Zin

Shops:
D:3 *

Annotations:
D:4 Menkaure


Innate Abilities, Weirdness & Mutations

You have large cloven feet.
You regenerate a little health from kills.


Message History

Your hound bites the plant.
The plant begins to die.
Menkaure hits the plant!!
Your hound splashes around in the water.
The ogre completely misses the plant.
A nearby plant withers and dies. x2
Menkaure casts a spell at you.
Your hound writhes in agony!
Your crimson imp blinks!
The ogre hits your hound with a +0 giant club!!
Your hound dies!
Your hound's corpse disappears in a puff of smoke!
Your white imp gestures at Menkaure.
The puff of frost hits Menkaure.
Menkaure resists.
A nearby plant withers and dies.
Your white imp barely misses Menkaure.
Something barely misses your shadow imp.
Your crimson imp blinks!
Your white imp hits Menkaure but does no damage.
You see here an iguana corpse.
You see here a +0 dagger.
The ogre closely misses you.
There is a stone staircase leading up here.
The ogre closely misses you.
You climb upwards.
There is a stone staircase leading down here.
The ogre closely misses you. The ogre barely misses you.
There is a stone staircase leading down here.
You see here an adder skeleton.
Casting: Call Imp (safe; 3% risk of failure)
Confirm with . or Enter, or press ? or * to list all spells.
A beastly little devil appears in a puff of flame.
Your crimson imp says, "You called?"
The ogre hits you with a +0 giant club!!
Ouch! That really hurt!
The ogre misses you.
Your crimson imp hits the ogre.
Unknown command.
Your crimson imp hits the ogre.
Your crimson imp blinks!
The ogre hits you with a +0 giant club!!
Ouch! That really hurt!
You die...

# #..... ## ######## #.....
.########## #......# #.....
..........# #......# #.....
.###......# #......# ###..# ##
#......# #....).####...# #
#......# #......##.).#<# #......#
######......##.###.# ##
#......####.O@............#..#
.###...........####.<....##....##
≈.##......#..#### #......#..#..#
..........#.....# ########.##..#
...########.###.### #.###.# §..#
###...# #5..########.# #.# ≈..#
##...### ###......(##.###.# ..##
#..### #######.#..##..# ..####.##
#.).###.##


You could see an ogre.

Vanquished Creatures
  A bullfrog (D:2)
  A gnoll (D:3)
  A worm (D:2)
  An orc (D:3)
  3 ball pythons
  A bat (D:1)
  3 endoplasms (D:1)
  A giant cockroach (D:1)
  3 goblins
  2 hobgoblins
  4 jackals (D:1)
  A quokka (D:2)
  3 frilled lizards
  5 rats
30 creatures vanquished.

Vanquished Creatures (collateral kills)
  A jelly (D:4)
  An iguana (D:4)
  2 adders (D:3)
  2 gnolls (D:3)
  5 worms
  2 dart slugs (D:2)
  A ball python (D:1)
  A bat (D:1)
  An endoplasm (D:1)
  A giant cockroach (D:1)
  A goblin (D:1)
  A hobgoblin (D:3)
  3 jackals (D:1)
  4 quokkas
  A frilled lizard (D:3)
  4 kobolds
  A rat (D:1)
  A spectral hobgoblin (D:1)
33 creatures vanquished.

Vanquished Creatures (others)
  31 plants (D:4)
31 creatures vanquished.

Grand Total: 94 creatures vanquished

Notes
Turn   | Place    | Note
-------+----------+-------------------------------------------
     0 | D:1      | Mesmaeker13 the Demonspawn Summoner began the quest for the
                  | Orb.
     0 | D:1      | Reached XP level 1. HP: 13/13 MP: 3/3
   283 | D:1      | Found a faded altar of an unknown god.
   429 | D:1      | Gained mutation: You regenerate a little health from kills.
                  | [demonic ancestry]
   429 | D:1      | Reached XP level 2. HP: 19/19 MP: 5/5
  1226 | D:2      | Reached XP level 3. HP: 22/24 MP: 6/6
  1303 | D:2      | Learned a level 2 spell: Call Imp
  1815 | D:2      | Got the Compendium of Poisoning and Fire
  2287 | D:3      | Learned a level 3 spell: Call Canine Familiar
  2294 | D:3      | Noticed a bullfrog
  2992 | D:2      | Killed a bullfrog
  2993 | D:2      | Gained mutation: You have large cloven feet. [demonic
                  | ancestry]
  2993 | D:2      | Reached XP level 4. HP: 30/30 MP: 2/8
  3121 | D:3      | Found Zin's Purification Station.
  3660 | D:4      | Reached XP level 5. HP: 25/35 MP: 4/9
  3771 | D:4      | Reached skill level 5 in Summonings
  3920 | D:4      | Noticed Menkaure
  3926 | D:4      | Noticed an ogre
  4002 | D:3      | Slain by an ogre

Illustrated notes

Levels and vault maps discovered:
D:1:      nicolae_arrival_memento_mori, layout_basic,
          dreamdust_ecumenical_altar_drowned_temple
D:2:      layout_basic
D:3:      layout_rooms, zin_purify, amcnicky_mini_pool_small,
          kennysheep_crisscross
D:4:      layout_basic, minmay_temple_entry_from_below_a, serial_bayou,
          serial_bayou_pond_d, serial_bayou_shore_a, serial_bayou_lagoon_a,
          serial_bayou_lake_a, grunt_decor_one_mirror, uniq_menkaure

Skill      XL: |  1  2  3  4  5 |
---------------+----------------+-----
Dodging        | 2 3 |  3.2
Spellcasting   | 3 |  3.3
Summonings     | 5 |  5.0
Stealth        | |  1.7

Action                   |  1- 3 |  4- 6 || total
-------------------------+-------+-------++-------
Melee: Spear             |   119 |    33 ||   152
       Unarmed           |     2 |       ||     2
 Cast: Summon Small Mamm |    31 |       ||    31
       Call Imp          |    23 |    16 ||    39
       Call Canine Famil |     2 |     4 ||     6
  Use: Scroll            |     5 |     2 ||     7
 Stab: Sleeping          |     3 |     2 ||     5
       Distracted        |     1 |       ||     1
Armor: Robe              |    17 |       ||    17
Dodge: Dodged            |    67 |    15 ||    82
